 Dungeon Crawl Stone Soup version 0.30-a0-297-g0ec75d9ef4 (webtiles) character file.

Game seed: 8441358803626068104

474 lonewolfV2 the Stinger (level 7, -3/51 HPs)
             Began as a Gnoll Venom Mage on Oct 19, 2022.
             Slain by equiv's ghost (12 damage)
             ... on level 5 of the Dungeon.
             The game lasted 00:15:02 (6070 turns).

lonewolfV2 the Stinger (Gnoll Venom Mage)           Turns: 6070, Time: 00:15:03

Health: -3/51      AC:  2    Str: 13    XL:     7   Next: 10%
Magic:  15/15      EV: 13    Int: 17    God:
Gold:   325        SH:  0    Dex: 12    Spells: 7/17 levels left

rFire   . . .      SeeInvis .    d - staff of poison
rCold   . . .      Faith    .    (no shield)
rNeg    . . .      Spirit   .    a - +0 robe
rPois   +          Reflect  .    (no helmet)
rElec   .          Harm     .    (no cloak)
rCorr   .          Rampage  .    (no gloves)
Will    .....                    (no boots)
Stlth   +++.......               e - amulet of magic regeneration
HPRegen 0.28/turn                i - +6 ring of strength
MPRegen 0.54/turn                (no ring)

@: no status effects
A: fangs 1, strong nose, distributed training
a: no special abilities


You were on level 5 of the Dungeon.
You visited 2 branches of the dungeon, and saw 6 of its levels.

You collected 325 gold pieces.

Inventory:

Hand Weapons
 c - a +1 dagger of venom
Missiles
 s - a throwing net
Armour
 a - a +0 robe (worn)
Magical Staves
 d - a staff of poison (weapon)
Jewellery
 e - an amulet of magic regeneration (around neck)
 i - a +6 ring of strength (left hand)
 l - an amulet of guardian spirit
Wands
 v - a wand of acid (8) (quivered)
Scrolls
 p - 2 scrolls of enchant armour {unknown}
 r - a scroll of fear
 t - a scroll of fog {unknown}
 u - a scroll of immolation {unknown}
Potions
 b - 2 potions of magic
 f - 2 potions of brilliance
 g - 2 potions of flight
 h - a potion of mutation {unknown}
 j - a potion of haste
 k - a potion of might
 n - a potion of attraction {unknown}
 o - 2 potions of invisibility
 q - a potion of berserk rage


   Skills:
 + Level 2.3 Fighting
 + Level 2.3 Short Blades
 + Level 2.3 Long Blades
 + Level 2.3 Axes
 + Level 2.3 Maces & Flails
 + Level 2.3 Polearms
 + Level 2.3 Staves
 + Level 2.3 Ranged Weapons
 + Level 2.3 Throwing
 + Level 2.3 Armour
 + Level 5.2 Dodging
 + Level 4.8 Stealth
 + Level 2.3 Shields
 + Level 2.3 Unarmed Combat
 + Level 5.5 Spellcasting
 + Level 1.9 Conjurations
 + Level 1.9 Hexes
 + Level 1.9 Summonings
 + Level 1.9 Necromancy
 + Level 1.9 Translocations
 + Level 2.9 Transmutations
 + Level 1.9 Fire Magic
 + Level 1.9 Ice Magic
 + Level 1.9 Air Magic
 + Level 1.9 Earth Magic
 + Level 5.8 Poison Magic
 + Level 2.6 Invocations
 + Level 2.3 Evocations


You had 7 spell levels left.
You knew the following spells:

 Your Spells              Type           Power      Damage    Failure   Level
a - Sting                 Tmut/Pois      100%       1d8       2%          1
b - Poisonous Vapours     Pois/Air       52%        N/A       4%          2
c - Olgreb's Toxic Radia  Pois           36%        N/A       12%         4
d - Mephitic Cloud        Conj/Pois/Air  23%        N/A       11%         3

Your spell library contained the following spells:

 Spells                   Type           Power      Damage    Failure   Level
 Frozen Ramparts          Ice            22%        1d4       19%         3
 Vhi's Electric Charge    Tloc/Air       22%        N/A       19%         3
 Ice Form                 Ice/Tmut       12%        N/A       45%         4
 Summon Ice Beast         Ice/Summ       11%        N/A       52%         4
 Arcjolt                  Conj/Air       5%         1d15      86%         5
 Maxwell's Capacitive Co  Air            5%         ∞         100%        8


Dungeon Overview and Level Annotations

Branches:
Dungeon (5/15)             Temple (1/1) D:4

Altars:
Ashenzari
Cheibriados
Dithmenos
Fedhas
Gozag
Hepliaklqana
Kikubaaqudgha
Makhleb
Nemelex Xobeh
Okawaru
Qazlal
Xom
Yredelemnul
Zin
The Shining One

Shops:
D:3 *

Annotations:
D:5 equiv's ghost, amateur DgWr


Innate Abilities, Weirdness & Mutations

You have very sharp teeth.
Your uncanny sense of smell can sniff out nearby items.
Your experience applies equally to all skills.


Message History

Your magical contamination has completely faded away.
You miss equiv's ghost. Your bite misses equiv's ghost.
Equiv's ghost is lightly damaged.
Equiv's ghost hits you!
* * * LOW HITPOINT WARNING * * *
You feel yourself speed up. Equiv's ghost closely misses you.
You see here a +0 robe.
You see here a scroll of identify.
Casting: Sting (safe; 2% risk of failure)
Confirm with . or Enter, or press ? or * to list all spells.
Aiming: Sting (safe; 2% risk of failure)
Press: ? - help, Shift-Dir - straight line, f/p - equiv's ghost
Aim: equiv's ghost (lightly damaged, 72% to hit)
You feel a surge of power!
The sting hits equiv's ghost.
Equiv's ghost partially resists.
Equiv's ghost is moderately damaged.
Casting: Sting (safe; 2% risk of failure)
Confirm with . or Enter, or press ? or * to list all spells.
You can't see any susceptible monsters within range! (Use Z to cast anyway.)
An ogre comes into view. It is wielding a +0 giant spiked club.
The ogre shouts!
Equiv's ghost misses you. Equiv's ghost barely misses you.
Casting: Sting (safe; 2% risk of failure)
Confirm with . or Enter, or press ? or * to list all spells.
The spell is quite dangerous to miscast (12% risk of failure)!
Continue anyway?
You feel a surge of power!
You begin to radiate toxic energy.
The ogre is poisoned.
The ogre looks even sicker.
The ogre looks even sicker.
Your toxic aura wanes.
Equiv's ghost hits you!
* * * LOW HITPOINT WARNING * * *
Your extra speed is starting to run out.
Found a quarterstaff.
You feel yourself slow down.
Equiv's ghost holds its blade at the ready.
Equiv's ghost says very slowly, "There's no hope."
Equiv's ghost hits you but does no damage.
Equiv's ghost attacks as you move away! Equiv's ghost hits you!
You die...

. ....##########
.......@.....## .
...##...WO....###
..###..##....#..##.......###
# .#......#.................
#. ...............#.........
(...........##....#......#..
...# .....#########.....##
#..###....#.(.(...#.....#
..........#(....(8#.....#


You could see an ogre (poisoned) and equiv's ghost.

Vanquished Creatures
  A black bear (D:4)
  A scorpion (D:3)
  A hound (D:4)
  A gnoll bouda (D:4)
  3 orc wizards (D:4)
  5 gnolls (D:4)
  7 adders
  A worm (D:4)
  9 orcs
  4 endoplasms
  2 giant cockroaches (D:1)
  12 goblins
  2 hobgoblins
  3 jackals (D:2)
  2 quokkas (D:1)
  8 ball pythons
  3 bats
  2 frilled lizards (D:1)
  9 kobolds
  7 rats
83 creatures vanquished.

Notes
Turn   | Place    | Note
-------+----------+-------------------------------------------
     0 | D:1      | lonewolfV2 the Gnoll Venom Mage began the quest for the
                  | Orb.
     0 | D:1      | Reached XP level 1. HP: 13/13 MP: 6/6
   338 | D:1      | Reached XP level 2. HP: 19/19 MP: 5/7
   367 | D:1      | Learned a level 2 spell: Poisonous Vapours
  1800 | D:1      | Reached skill level 5 in Spellcasting
  1800 | D:1      | Reached XP level 3. HP: 25/25 MP: 3/9
  2002 | D:2      | Reached skill level 1 in Invocations
  2020 | D:2      | Reached skill level 1 in Fighting
  2020 | D:2      | Reached skill level 1 in Short Blades
  2020 | D:2      | Reached skill level 1 in Long Blades
  2020 | D:2      | Reached skill level 1 in Axes
  2020 | D:2      | Reached skill level 1 in Maces & Flails
  2020 | D:2      | Reached skill level 1 in Polearms
  2020 | D:2      | Reached skill level 1 in Staves
  2020 | D:2      | Reached skill level 1 in Ranged Weapons
  2020 | D:2      | Reached skill level 1 in Throwing
  2020 | D:2      | Reached skill level 1 in Armour
  2020 | D:2      | Reached skill level 1 in Shields
  2020 | D:2      | Reached skill level 1 in Unarmed Combat
  2020 | D:2      | Reached skill level 1 in Evocations
  2402 | D:2      | Reached XP level 4. HP: 27/32 MP: 9/11
  2542 | D:2      | Learned a level 4 spell: Olgreb's Toxic Radiance
  2763 | D:2      | Found a faded altar of an unknown god.
  2930 | D:3      | Found Zin's Purification Station.
  2933 | D:3      | Found a glowing silver altar of Zin.
  3058 | D:3      | Noticed a scorpion
  3062 | D:3      | Killed a scorpion
  3063 | D:3      | Reached skill level 1 in Conjurations
  3063 | D:3      | Reached skill level 1 in Hexes
  3063 | D:3      | Reached skill level 1 in Summonings
  3063 | D:3      | Reached skill level 1 in Necromancy
  3063 | D:3      | Reached skill level 1 in Translocations
  3063 | D:3      | Reached skill level 1 in Fire Magic
  3063 | D:3      | Reached skill level 1 in Ice Magic
  3063 | D:3      | Reached skill level 1 in Air Magic
  3063 | D:3      | Reached skill level 1 in Earth Magic
  3063 | D:3      | Reached XP level 5. HP: 37/37 MP: 6/12
  3069 | D:3      | Learned a level 3 spell: Mephitic Cloud
  3080 | D:3      | Found a sparkling altar of Nemelex Xobeh.
  3157 | D:3      | Found a shadowy altar of Dithmenos.
  3893 | D:4      | Reached XP level 6. HP: 36/44 MP: 12/14
  4130 | D:4      | Found a staircase to the Ecumenical Temple.
  4149 | Temple   | Entered the Ecumenical Temple
  4473 | D:4      | Found a snail-covered altar of Cheibriados.
  4576 | D:4      | Found a broken altar of Ashenzari.
  4580 | D:4      | Reached skill level 5 in Dodging
  4690 | D:4      | Found a blossoming altar of Fedhas.
  4716 | D:4      | HP: 2/44 [something/magic dart (7)]
  4783 | D:4      | Found an opulent altar of Gozag.
  4899 | D:4      | Noticed a black bear
  4910 | D:4      | HP: 1/44 [black bear (6)]
  4911 | D:4      | Killed a black bear
  4912 | D:4      | Reached XP level 7. HP: 29/51 MP: 15/15
  5710 | D:5      | Entered Level 5 of the Dungeon
  5963 | D:5      | Identified a scroll of acquirement
  5963 | D:5      | Acquired a staff of poison
  5981 | D:5      | Found a runed translucent gate.
  5981 | D:5      | Found a runed translucent gate.
  5981 | D:5      | Found a runed translucent gate.
  5988 | D:5      | Noticed equiv's ghost (amateur DgWr)
  6070 | D:5      | Slain by equiv's ghost

Illustrated notes

Levels and vault maps discovered:
D:1:      nagdon_arrival_double_spiral, layout_loops_corners,
          serial_park_tiny_1, minmay_split_cup_small
D:2:      layout_loops_ring, shapermc_ecumenical_altar_flowoftime
D:3:      layout_loops_ring, amcnicky_altar_gilded, zin_purify,
          grunt_dithmenos_smoke, chequers_serial_rivers_marsh
D:4:      layout_basic, fedhas_altar_2, cheibrodos_worm_habitat,
          cheibrodos_ashenzari_chains, mainiacjoe_overflow_catwalk,
          minmay_temple_entry_stoned_glass, kennysheep_generic_room_2
D:5:      layout_cave_pools, ebering_ghost_rock_garden, roderic_three_in_a_row,
          serial_bayou_lagoon_b
Temple:   nicolae_temple_colour_theory

Skill      XL: |  1  2  3  4  5  6 |
---------------+-------------------+-----
Transmutations | 2 |  2.9
Spellcasting   | 5 |  5.5
Invocations    | 1 2 |  2.6
Fighting       | 1 2 |  2.3
Short Blades   | 1 2 |  2.3
Long Blades    | 1 2 |  2.3
Axes           | 1 2 |  2.3
Maces & Flails | 1 2 |  2.3
Polearms       | 1 2 |  2.3
Staves         | 1 2 |  2.3
Ranged Weapons | 1 2 |  2.3
Throwing       | 1 2 |  2.3
Armour         | 1 2 |  2.3
Shields        | 1 2 |  2.3
Unarmed Combat | 1 2 |  2.3
Evocations     | 1 2 |  2.3
Conjurations   | 1 |  1.9
Hexes          | 1 |  1.9
Summonings     | 1 |  1.9
Necromancy     | 1 |  1.9
Translocations | 1 |  1.9
Fire Magic     | 1 |  1.9
Ice Magic      | 1 |  1.9
Air Magic      | 1 |  1.9
Earth Magic    | 1 |  1.9
Dodging        | 5 |  5.2
Stealth        | |  4.8
Poison Magic   | |  5.8

Action                   |  1- 3 |  4- 6 |  7- 9 || total
-------------------------+-------+-------+-------++-------
Melee: Unarmed           |    18 |       |       ||    18
       Bite              |     5 |     4 |     1 ||    10
       Dagger            |    24 |    81 |    12 ||   117
       Punch             |       |     1 |       ||     1
       Staff             |       |       |    12 ||    12
 Cast: Sting             |    42 |    19 |     1 ||    62
       Poisonous Vapours |    26 |    17 |       ||    43
       Olgreb's Toxic Ra |       |     6 |     1 ||     7
       Mephitic Cloud    |       |     3 |       ||     3
  Use: Scroll            |     4 |     4 |     4 ||    12
       Potion            |       |     3 |     1 ||     4
 Stab: Confused          |       |     2 |       ||     2
       Sleeping          |       |     1 |       ||     1
Armor: Robe              |    11 |    14 |     1 ||    26
Dodge: Dodged            |    37 |    56 |    14 ||   107

Table legend: (Time is in decaauts)
 A = Elapsed time spent in this place.
 B = Non-inter-level travel time spent in this place.
 C = Inter-level travel time spent in this place.
 D = Time resting spent in this place.
 E = Time spent auto-exploring this place.
 F = Levels seen in this place.
 G = Mean time per level.
                   A        B        C        D        E       F      G
               +--------+--------+--------+--------+--------+-----+--------+
         Total |   6060 |   5986 |     74 |   1463 |   3349 |   6 | 1010.0 |
       Dungeon |   5739 |   5665 |     74 |   1463 |   3252 |   5 | 1147.8 |
        Temple |    320 |    320 |      0 |      0 |     97 |   1 |  320.0 |
               +--------+--------+--------+--------+--------+-----+--------+

Top non-repeatable levels by time:
     D:1: 1990 daAuts
     D:4: 1591 daAuts
     D:2: 933 daAuts
     D:3: 880 daAuts
     D:5: 343 daAuts
  Temple: 320 daAuts
